Cogmind - Beta 13 @@@ ROGUE MODE // 2024.04.20 @ 21:07:19 Player: Millea Result: Self-destructed Performance ------------- Evolutions (2) 1000 Regions Visited (4) 800 Robots Destroyed (76) 380 Value Destroyed (1878) 1878 Prototype IDs (4) 80 Alien Tech Used (0) 0 Bonus (61) 61 TOTAL SCORE: 4199 Bonus ------- Follower Combat Kills 61 Cogmind --------- Core Integrity 235/550 Matter 176/300 Energy 71/100 System Corruption 0% Temperature Cool (0) Movement Core (800) Ox15 Location -8/Materials Parts ------- > --- POWER (1) -------- (None) > --- PROPULSION (2) --- (None) > --- UTILITY (6) ------ Heat Sink High-capacity Storage Unit > --- WEAPON (2) ------- Flak Cannon > --- INVENTORY (20) --- Improved Ion Engine Light Treads Light Treads Flight Unit Improved Flight Unit Improved Flight Unit Improved Flight Unit High-capacity Matter Pod (200) Particle Charger Shield Generator Advanced Beam Cannon Advanced Beam Cannon Advanced Beam Cannon Datajack Peak State ------------ > --- POWER ------------ Heavy Ion Engine > --- PROPULSION ------- Light Treads Light Treads > --- UTILITY ---------- Heat Sink High-capacity Storage Unit Particle Charger Reactive Plating Shield Generator > --- WEAPON ----------- Advanced Beam Cannon Advanced Beam Cannon > --- INVENTORY -------- Improved Ion Engine Light Treads Light Treads Flight Unit Improved Flight Unit Improved Flight Unit Improved Flight Unit High-capacity Matter Pod Particle Charger Medium Armor Plating Shield Generator Shield Generator Advanced Beam Cannon Flak Cannon Flak Cannon Grenade Launcher Grenade Launcher Datajack [Rating: 24] Favorites ----------- Power Ion Engine Engine Ion Engine Propulsion Light Treads Treads Light Treads Wheel Compact Wheel Utility High-capacity Storage Unit Device Shield Generator Storage High-capacity Storage Unit Protection Core Shielding Weapon Light Cannon Energy Gun Medium Laser Energy Cannon Advanced Beam Cannon Ballistic Cannon Light Cannon Launcher Grenade Launcher Build | -11 -10 -10 -9 -8 ------- Run | Yrd Mat Min Mat Mat Slots Evolved 4 | . . . 2 2 Power . | . . . . . Propulsion . | . . . . . Utility 4 | . . . 2 2 Weapon . | . . . . . Parts Attached 41 | 6 8 3 17 7 Power 5 | 1 1 . 3 . Engine 5 | 1 1 . 3 . Core . | . . . . . Reactor . | . . . . . Propulsion 9 | 2 4 . 3 . Treads 7 | 2 2 . 3 . Leg . | . . . . . Wheel 2 | . 2 . . . Hover . | . . . . . Flight . | . . . . . Utility 16 | 1 3 1 8 3 Device 8 | . . . 6 2 Storage 3 | 1 2 . . . Processor . | . . . . . Hackware . | . . . . . Protection 5 | . 1 1 2 1 Artifact . | . . . . . Weapon 11 | 2 . 2 3 4 Energy Gun 2 | 2 . . . . Energy Cannon 3 | . . . 3 . Ballistic Gun . | . . . . . Ballistic Cannon 4 | . . 2 . 2 Launcher 2 | . . . . 2 Special Weapon . | . . . . . Impact Weapon . | . . . . . Slashing Weapon . | . . . . . Piercing Weapon . | . . . . . Special Melee Weapon . | . . . . . Unidentified Prototypes 2 | . . . 2 . Parts Lost 14 | . 2 . 2 10 Power 3 | . 1 . 1 1 Propulsion 3 | . 1 . . 2 Utility 5 | . . . 1 4 Weapon 3 | . . . . 3 Highest Loss Streak 10 | . 1 . 1 10 To Critical Strikes . | . . . . . Average Slot Usage (%) 97 | . 98 100 97 69 Engine 12 | . 14 14 9 6 Treads 25 | . 27 28 22 12 Device 8 | . . . 20 16 Storage 12 | . 14 14 11 9 Protection 12 | . 12 14 11 7 Energy Gun 7 | . 28 . . . Energy Cannon 7 | . . . 19 12 Ballistic Cannon 10 | . . 28 2 3 Naked Turns . | . . . . . Heaviest Build 76 | 12 50 54 71 76 Greatest Support 40 | 40 40 40 40 40 Greatest Overweight (x) 1 | . 1 1 1 1 Average Overweight (x) . | . . 1 1 1 Largest Inventory Capacity 20 | 8 20 20 20 20 Average Capacity 18 | 7 13 20 20 20 Most Carried 20 | 6 16 20 20 19 Average Carried 15 | 4 7 17 19 16 Final Capacity 20 | 8 20 20 20 20 Final Carried 20 | 6 16 20 19 14 Class Distribution -------------------- 100% | Mutant Dominant Class ---------------- Mutant | -10/Materials Mutant | -10/Mines Mutant | -9/Materials Mutant | -8/Materials Resources | -11 -10 -10 -9 -8 ----------- Run | Yrd Mat Min Mat Mat Matter Collected 873 | 160 275 233 172 33 Remotely . | . . . . . Salvage Created 2624 | . 655 247 1463 259 Parts 139 | . 34 22 76 7 Haulers Intercepted 6 | . 1 . 5 . Recyclers Shooed 3 | . 1 . 1 1 Parts Field Recycled . | . . . . . Retrieved Matter . | . . . . . Parts Self-Destructed . | . . . . . Prevented . | . . . . . Kills | -11 -10 -10 -9 -8 ------- Run | Yrd Mat Min Mat Mat Combat Hostiles Destroyed 50 | . 13 5 24 8 Guns 13 | . 13 . . . Cannons 33 | . . 5 22 6 AOE 2 | . . . . 2 Classes Destroyed 13 | . 7 2 2 2 Worker 4 | . 1 . 3 . Builder 1 | . . . . 1 Tunneler 2 | . . 1 1 . Hauler 6 | . 1 . 5 . Recycler 3 | . . 2 1 . Mechanic 2 | . 1 . 1 . Operator 3 | . 1 . 2 . Watcher 5 | . 3 . 2 . Swarmer 11 | . 3 5 3 . Grunt 30 | . 10 . 14 6 Brawler 1 | . . . 1 . Duelist 1 | . . . . 1 Sentry 7 | . . . 6 1 Best Kill Streak 8 | . 3 3 4 8 Combat Bots Only 7 | . 2 3 4 7 Max Kills in Single Turn 3 | . 2 2 1 3 Gunslinging . | . . . . . Exploded 2 | . . . . 2 Melee . | . . . . . Uniques/NPCs Destroyed . | . . . . . Combat | -11 -10 -10 -9 -8 -------- Run | Yrd Mat Min Mat Mat Hostile Shots Fired 272 | . 67 17 73 115 Missed 63 | . 17 7 19 20 Damage Taken 2699 | . 546 76 493 1584 Core 447 | . 75 11 46 315 Absorbed by Shields 251 | . . . 158 93 Redirected to Shielding 14 | . 12 2 . . Ignored by Resistances 24 | . . . 13 11 Core Remaining (%) 84 | 100 . 65 88 . Volleys Fired 200 | . 74 15 88 23 Largest 2 | . 2 2 2 2 Hottest 136 | . 100 70 136 136 Shots Fired 387 | . 144 30 176 37 Gun 144 | . 144 . . . Cannon 241 | . . 30 176 35 Launcher 2 | . . . . 2 Special . | . . . . . Kinetic 53 | . . 30 8 15 Thermal 332 | . 144 . 168 20 Explosive 2 | . . . . 2 Electromagnetic . | . . . . . Robot Hit Streak 16 | . 16 6 16 13 Robot Miss Streak 7 | . 3 4 7 4 Penetration Max . | . . . . . Secondary Targets 2 | . 2 . . . Max Gunslinging Chain 1 | . 1 . . . Shots Hit Robots 240 | . 99 14 101 26 Core Hits 112 | . 38 10 35 29 Critical Kills 1 | . . . 1 . Critical Parts Destroyed . | . . . . . Critical Strikes 16 | . 14 . 2 . Burn 14 | . 14 . . . Meltdown 1 | . . . 1 . Blast 1 | . . . 1 . Melee Attacks . | . . . . . Impact . | . . . . . Slashing . | . . . . . Piercing . | . . . . . Sneak Attacks . | . . . . . Combat Hostiles . | . . . . . Follow-up Attacks . | . . . . . Damage Inflicted 5054 | . 1325 289 2278 1162 Guns 1310 | . 1310 . . . Cannons 3207 | . . 289 2262 656 Explosions 497 | . . . . 497 Melee . | . . . . . Ramming 40 | . 15 . 16 9 Kinetic 741 | . . 289 71 381 Thermal 3776 | . 1310 . 2191 275 Explosive 497 | . . . . 497 Electromagnetic . | . . . . . Impact . | . . . . . Slashing . | . . . . . Piercing . | . . . . . Highest Corruption . | . . . . . Average Corruption . | . . . . . Corruption Purged . | . . . . . Corruption Blocked . | . . . . . Overload Shots . | . . . . . Overflow Damage 78 | . . . 69 9 Projectiles 72 | . . . 69 3 Explosions 6 | . . . . 6 Melee . | . . . . . Knockbacks 17 | . . 6 . 11 Impact 1 | . . . . 1 Kinetic 13 | . . 4 . 9 Secondary 3 | . . 2 . 1 Self-Inflicted Damage 78 | . . . . 78 Shots 2 | . . . . 2 Rammed 13 | . 7 2 1 3 Targets Rammed 14 | . 7 2 2 3 Kicked . | . . . . . Crushed 1 | . . . 1 . Highest Temperature 503 | . 296 36 503 380 Average Temperature 106 | . 99 12 108 193 Received Heat Transfer 1264 | . 279 . 255 730 Effects 7 | . 2 . 4 1 Energy Bleed 3 | . 1 . 1 1 Interference 4 | . 1 . 3 . Siege Activations . | . . . . . Robots Corrupted . | . . . . . Combat Hostiles . | . . . . . Parts Fried . | . . . . . Impact Corruptions . | . . . . . Robots Melted 2 | . . . 2 . Combat Hostiles 2 | . . . 2 . Parts Melted 16 | . 10 . 6 . Heat Transferred 9250 | . 4921 . 3885 444 Parts Sabotaged . | . . . . . Parts Stolen . | . . . . . Parts Stripped . | . . . . . Power Chain Reactions . | . . . . . Alert | -11 -10 -10 -9 -8 ------- Run | Yrd Mat Min Mat Mat Peak Influence 371 | . 208 173 371 237 Initial 130 | . . 33 34 130 Average 84 | . 82 47 119 153 Maximum Alert Level 1 | . 1 . 1 1 Low Security (%) 92 | 100 99 100 81 91 Level 1 7 | . . . 18 8 Level 2 . | . . . . . Level 3 . | . . . . . Level 4 . | . . . . . Level 5 . | . . . . . High Security . | . . . . . Max Security . | . . . . . Squads Dispatched 8 | . 4 . 3 1 Investigation 5 | . 3 . 2 . Extermination . | . . . . . Reinforcement 3 | . 1 . 1 1 Assault . | . . . . . Garrison . | . . . . . Intercept . | . . . . . Searches Triggered . | . . . . . Construction Impeded 1 | . . . . 1 Haulers Reinforced . | . . . . . Active Scanning Responses . | . . . . . Cargo Convoy Interrupts . | . . . . . Stealth | -11 -10 -10 -9 -8 --------- Run | Yrd Mat Min Mat Mat Distress Signals 6 | . 4 . 2 . Communications Jammed . | . . . . . Distress Signals . | . . . . . Times Spotted 87 | . 36 6 35 10 Peak Tracking Total 9 | . 6 3 4 9 Tactical Retreats 9 | . 9 . . . Traps | -11 -10 -10 -9 -8 ------- Run | Yrd Mat Min Mat Mat Traps Triggered 3 | . 2 . 1 . Indirectly . | . . . . . Trap Hack Attempts . | . . . . . Triggered . | . . . . . Disarmed . | . . . . . Reprogrammed . | . . . . . Reused . | . . . . . Traps Extracted . | . . . . . Installed . | . . . . . Triggered . | . . . . . Machines | -11 -10 -10 -9 -8 ---------- Run | Yrd Mat Min Mat Mat Machines Disabled 1 | . . 1 . . Max in Single Turn 1 | . . 1 . . Machines Repaired . | . . . . . Machines Dismantled . | . . . . . Machines Sabotaged . | . . . . . Overloaded Fab Kills . | . . . . . Hacking | -11 -10 -10 -9 -8 --------- Run | Yrd Mat Min Mat Mat Machines Accessed 13 | . 7 . 6 . Terminals 12 | . 6 . 6 . Fabricators . | . . . . . Repair Stations . | . . . . . Recycling Units 1 | . 1 . . . Scanalyzers . | . . . . . Garrison Access . | . . . . . Total Hacks 38 | . 21 . 17 . Successful 12 | . 7 . 5 . Failed 24 | . 13 . 11 . Catastrophic 1 | . 1 . . . Database Lockouts 2 | . 1 . 1 . Manual 31 | . 14 . 17 . Terminals 36 | . 19 . 17 . Fabricators . | . . . . . Repair Stations . | . . . . . Recycling Units 2 | . 2 . . . Scanalyzers . | . . . . . Garrison Access . | . . . . . Terminal Hacks 6 | . 3 . 3 . Robot Analysis 4 | . 1 . 3 . Prototype ID Bank 1 | . 1 . . . Unreport Threat 1 | . 1 . . . Fabricator Hacks . | . . . . . Repair Station Hacks . | . . . . . Recycling Unit Hacks . | . . . . . Scanalyzer . | . . . . . Garrison Access Hacks . | . . . . . Unauthorized Hacks 6 | . 4 . 2 . Terminals 5 | . 3 . 2 . Botnet 5 | . 3 . 2 . Fabricators . | . . . . . Repair Stations . | . . . . . Recycling Units 1 | . 1 . . . Reject 1 | . 1 . . . Scanalyzers . | . . . . . Garrison Access . | . . . . . Data Cores Recovered 1 | . . . 1 . Used . | . . . . . Hacking Detections 13 | . 7 . 6 . Full Trace Events 3 | . 1 . 2 . Feedback Events . | . . . . . Feedback Blocked . | . . . . . Robot Schematics Acquired . | . . . . . Robots Built . | . . . . . Authchips . | . . . . . Time . | . . . . . Total Robot Build Rating . | . . . . . Part Schematics Acquired . | . . . . . Parts Built . | . . . . . Authchips . | . . . . . Time . | . . . . . Total Part Build Rating . | . . . . . Parts Repaired . | . . . . . Time . | . . . . . Parts Recycled . | . . . . . Recycled Matter . | . . . . . Retrieved Matter . | . . . . . Retrieved Components . | . . . . . Parts Scanalyzed . | . . . . . Part Schematics Acquired . | . . . . . Parts Damaged . | . . . . . Bothacking | -11 -10 -10 -9 -8 ------------ Run | Yrd Mat Min Mat Mat Used RIF Installer . | . . . . . Robots Hacked . | . . . . . Non-combat . | . . . . . Combat . | . . . . . Robot Hacks Applied . | . . . . . Relay Couplers Released . | . . . . . Fabnet Peak Effective % . | . . . . . Robots Rewired . | . . . . . Allies Hacked . | . . . . . Hacks Repelled . | . . . . . Allies | -11 -10 -10 -9 -8 -------- Run | Yrd Mat Min Mat Mat Total Allies 1 | . . 1 . . Largest Group 1 | . . 1 1 . Highest-Rated Group 31 | . . 31 31 . Highest-Rated Ally 31 | . . 31 31 . Total Orders . | . . . . . Ally Attacks 30 | . . 7 23 . Total Damage 378 | . . 128 250 . Kills 8 | . . 4 4 . Allies Corrupted . | . . . . . Allies Melted . | . . . . . Intel | -11 -10 -10 -9 -8 ------- Run | Yrd Mat Min Mat Mat Robot Analysis Total 4 | . 1 . 3 . Derelict Logs Recovered 1 | . . 1 . . Drone Launches . | . . . . . Drone Recoveries . | . . . . . Exploration | -11 -10 -10 -9 -8 ------------- Run | Yrd Mat Min Mat Mat Turns Passed 5813 | 75 1477 1991 2149 121 Spaces Moved 2220 | 48 646 798 711 17 Core 14 | 14 . . . . Treads 2180 | 34 620 798 711 17 Legs . | . . . . . Wheels 26 | . 26 . . . Hover . | . . . . . Flight . | . . . . . Fastest Speed 50 | 50 115 240 240 240 Average Speed 217 | 127 170 240 240 240 Slowest Speed 240 | 160 240 240 240 240 Overloaded Moves . | . . . . . Propulsion Burnouts . | . . . . . Robots Hopped . | . . . . . Cave-ins Triggered . | . . . . . Exploration Rate (%) 52 | 3 91 101 60 6 Regions Visited 4 Branch Regions 1 Pre-discovered Areas . | . . . . . Known Exits Taken . | . . . . . Unknown Exits Taken 4 | 1 1 1 1 . Scrap Searched 1 | . . 1 . . Spaces Dug . | . . . . . Terrain Destroyed 12 | . . . . 12 Melee . | . . . . . Projectile 2 | . . . . 2 AOE 10 | . . . . 10 Terrain Rammed . | . . . . . Walls Destroyed . | . . . . . Machines Disabled . | . . . . . Actions | -11 -10 -10 -9 -8 --------- Run | Yrd Mat Min Mat Mat Total 2822 | 59 870 844 994 55 Wait 265 | . 120 14 126 5 Move 2216 | 47 645 797 710 17 Hop . | . . . . . Pick Up 47 | 6 12 8 21 . Fast Attach 17 | 6 2 1 8 . Attach 9 | . 2 . 2 5 Detach . | . . . . . Swap 15 | . 4 2 7 2 Drop 39 | . 4 5 30 . Fire 200 | . 74 15 88 23 Melee . | . . . . . Ram . | . . . . . Kick . | . . . . . Crush 14 | . 7 2 2 3 Escape Stasis . | . . . . . Rewire . | . . . . . Trap . | . . . . . Miscellaneous . | . . . . . Route ------- -11/Scrapyard -10/Materials (discovered 4 exits: *Mat x2 / [*Min] / [*Sub]) -10/Mines (discovered 3 exits: *Mat x2 / [*Sub]) -9/Materials (discovered 2 exits: [*Mat] / *Min) -8/Materials History --------- Turn | Location | Event 8 | -11/Scrapyard | Discovered new exit (range 15) 76 | -11/Scrapyard | Entered Materials 302 | -10/Materials | Build established: Mutant 365 | -10/Materials | Discovered new exit (range 11) 904 | -10/Materials | Discovered new exit (range 15) 923 | -10/Materials | Central database locked down 1207 | -10/Materials | Discovered new exit (range 13) 1395 | -10/Materials | Discovered new exit (range 9) 1553 | -10/Materials | Entered Mines 2165 | -10/Mines | Discovered new exit (range 9) 2495 | -10/Mines | Learned location of 1 exit from Materials 2561 | -10/Mines | Escorted by a lone wolf Derelict 2815 | -10/Mines | Discovered new exit (range 9) 3498 | -10/Mines | Discovered new exit (range 13) 3544 | -10/Mines | Entered Materials 3544 | -9/Materials | Accompanied by 1 ally 3544 | -9/Materials | Evolved 2 slots: Utility x2 3545 | -9/Materials | Identified exit to Mines 5576 | -9/Materials | Discovered new exit (range 14) 5607 | -9/Materials | Central database locked down 5693 | -9/Materials | Entered another Materials area 5693 | -8/Materials | Evolved 2 slots: Utility x2 5801 | -8/Materials | Core integrity fell below 50% 5814 | -8/Materials | Self-destructed Last Messages --------------- 05786_ U-05 Engineer lays Concrete. 05786_ Critical hit (Burn: +37). 05787_ U-05 Engineer lays Concrete. 05787_ G-47 Trooper knocked back. 05787_ G-47 Trooper destroyed. 05787_ U-05 Engineer knocked back. 05788_ ALERT: Construction progress impeded, dispatching reinforcements to local area. 05789_ U-05 Engineer lays Concrete. 05790_ Y-45 Defender destroyed. 05791_ U-05 Engineer lays Concrete. 05793_ Destroyed Imp. Ion Engine. 05793_ L-31 Rogue knocked back. 05795_ Flak Cannon destroyed. 05796_ L-31 Rogue knocked back. 05798_ L-31 Rogue destroyed. 05800_ G-47 Trooper knocked back. 05804_ G-47 Trooper destroyed. 05808_ U-05 Engineer lays Concrete. 05808_ U-05 Engineer knocked back. Map ----- +----------------------------------------------------+ | | | ?????????????????????????????????????????????????? | | ?????????????????????????????????????????????????? | | ?????????????????????????????????????????????????? | | ?????????????????????????????????????????????????? | | ?????????????????????????????????????????????????? | | ?????????????????????????????????????????????????? | | ?????????????????????????????????????????????????? | | ?????????????????????#####???????????????????????? | | ?????????????????????# #??#####????????????????? | | ?????????????????????# #? ?????????????????? | | ?????????????????????# #? """?????????????????? | | ??????????############ # """""????????????????? | | ????????? # """""????????????????? | | ????????? + """""????????????????? | | ????????? # """ ???????????????? | | ??????????############ # #??????????????? | | ?????????????????????# #? #??????????????? | | ?????????????????????# #? #??????????????? | | ?????????????????????# #?#########?????????????? | | ?????????????????????# #?! #?????????????? | | ????????????????????## ## ! #?????????????? | | ????????????????????# # [[??????????????? | | ?????????????####+### ?????????????????? | | ?????????????# !==% ;#####???????????????? | | ????????????## %!@% + ????????? | | ???????? ur% [% #+#####???????????????? | | ???????????########## %[ ????????????????????? | | ???????????????????##% ""???????????????????? | | ???????????????????## ###""" ??????????????????? | | ????????????????????# #??""" [ ????????????????? | | ????????????????????# #?? #???????????????? | | ????????????????????# #??? #???????????????? | | ????????????????????# #???####?????????????????? | | ????????????????????# #????????????????????????? | | ????????????????????# %?????????????????????????? | | ????????????????????# ?????????????????????????? | | ????????????????????# ?????????????????????????? | | ????????????????????# ?????????????????????????? | | ????????????????????# ?????????????????????????? | | ????????????????????# ?????????????????????????? | | ????????????????????? ?????????????????????????? | | ?????????????????????????????????????????????????? | | ?????????????????????????????????????????????????? | | ?????????????????????????????????????????????????? | | ?????????????????????????????????????????????????? | | ?????????????????????????????????????????????????? | | ?????????????????????????????????????????????????? | | ?????????????????????????????????????????????????? | | ?????????????????????????????????????????????????? | +----------------------------------------------------+ Best States ------------- Heat Dissipation 41 Coolant Potential 50 Energy Generation 14 Energy Capacity 280 Matter Stores 300 Matter Capacity 300 Sight Range 16 Terrain Scan Density 10 Armor Coverage 375 Resistance: KI 20 Core Shielding 20 Evasion (%) 50 Recoil Reduction 2 Particle Charging 15 Item Schematics ----------------- None Robot Schematics ------------------ None Fabricated ------------ Nothing Alien Tech Used ----------------- None Achievements -------------- None Challenges ------------ None Game ------ Seed PhasingFluxThermoblaster Manual? 0 Play Time 00:25:35 Cumulative 235.5 hours Start 2024.04.20 @ 20:23:38 End 2024.04.20 @ 21:07:19 Sessions 1 Manual Loads 0 Difficulty Rogue Special Mode None Game No. 185 Rogue 185 Adventurer 0 Explorer 0 Win Type - Total 7 Types 6/0/0/1/0/0/0/0/0 Lore% 74 Gallery% 81 Achievement% 67 Wizard Run 0 Options --------- Layout 2 ASCII 1 Keyboard 0 Movement Mouse Keybinds 0 Fullscreen 2 Font 24/Smallcaps Map View 50x44 Zoom Use 0% Tactical HUD 1 Map Filters NONE Filters NONE Steam 1 RUN: cb5d57cf-dd33-4779-b4c3-6293b7594058